 Dungeon Crawl Stone Soup version 0.30-a0-368-g86fb4627a9 (webtiles) character file.

Game seed: 276662938186551876

37 bande the Shield-Bearer (level 3, 0/23 HPs)
             Began as a Gargoyle Fighter on Nov 20, 2022.
             Killed from afar by Sigmund (8 damage)
             ... with a magic dart
             ... on level 2 of the Dungeon.
             The game lasted 00:01:50 (996 turns).

bande the Shield-Bearer (Gargoyle Fighter)           Turns: 996, Time: 00:01:51

Health: 0/23       AC: 14    Str: 19    XL:     3   Next: 41%
Magic:  3/3        EV:  9    Int:  8    God:
Gold:   79         SH:  4    Dex: 11    Spells: 2/2 levels left

rFire   + . .      SeeInvis .    a - +0 war axe
rCold   + . .      Faith    .    c - +0 buckler
rNeg    + . .      Spirit   .    b - +0 scale mail
rPois   ∞          Reflect  .    (no helmet)
rElec   +          Harm     .    (no cloak)
rCorr   +          Rampage  .    (no gloves)
Will    .....                    (no boots)
Stlth   ..........               (no amulet)
HPRegen 0.23/turn                l - +4 ring of protection
MPRegen 0.08/turn                (no ring)

@: mighty, resistant, hasted, very quick
A: sickness immunity, AC +3, negative energy resistance 1, electricity
resistance, torment resistance 1, petrification resistance
a: no special abilities


You were on level 2 of the Dungeon.
You visited 1 branch of the dungeon, and saw 2 of its levels.

You collected 79 gold pieces.

Inventory:

Hand Weapons
 a - a +0 war axe (weapon)
Armour
 b - a +0 scale mail (worn)
 c - a +0 buckler (worn)
Jewellery
 l - a +4 ring of protection (left hand)
Scrolls
 f - 2 scrolls of teleportation {unknown}
 j - a scroll of silence {unknown}
 k - a scroll of identify {unknown}
 n - a scroll of noise {unknown}
 o - a scroll of acquirement {unknown}
 p - a scroll of butterflies {unknown}
Potions
 e - a potion of cancellation {unknown}
 g - a potion of resistance
 h - a potion of magic
 i - a potion of flight {unknown}
 m - a potion of haste


   Skills:
 + Level 3.5 Fighting
 + Level 2.1 Axes
 + Level 3.8 Armour
 + Level 3.9 Shields


You had 2 spell levels left.
You didn't know any spells.
Your spell library contained the following spells:

 Spells                   Type           Power      Damage    Failure   Level
 Manifold Assault         Tloc           0%         N/A       100%        4
 Dispersal                Tloc           0%         N/A       100%        6
 Disjunction              Tloc           0%         N/A       100%        8


Dungeon Overview and Level Annotations

Branches:
Dungeon (2/15)

Altars:

Annotations:
D:2 Sigmund


Innate Abilities, Weirdness & Mutations

You are immune to sickness and miasma.
Your stone body is resilient. (AC +3)
You are immune to poison.
You resist negative energy. (rN+)
You are resistant to electric shocks. (rElec)
You are resistant to unholy torment.
You are immune to petrification.


Message History

You are more confused.
Something hits you but does no damage.
You bump into the rock wall.
Something hits you but does no damage. Something hits you but does no damage.
Something hits you.
You bump into the rock wall.
Something hits you but does no damage. Something hits you but does no damage.
You bump into the rock wall.
You're too confused to move!
Something hits you but does no damage.
You feel less confused.
You hear some strange, mumbled words.
You are confused.
Something hits you but does no damage. Something hits you.
You closely miss something. Something hits you.
You completely miss something. Something hits you but does no damage.
You feel less confused.
You hear some strange, mumbled words.
A puff of flame appears from out of thin air!
The puff of flame hits you.
You miss something. Something hits you but does no damage.
You slash something! Something hits you but does no damage.
You barely miss something. Something hits you.
You closely miss something. Something completely misses you.
You barely miss something. Something hits you!
You miss something. Something hits you but does no damage.
You hit something but do no damage. Something hits you but does no damage.
It was a potion of resistance.
You feel protected. Something hits you but does no damage.
It was a potion of magic.
Magic courses through your body.
It was a potion of haste.
You feel yourself speed up. You block something's attack.
You feel very mighty all of a sudden.
You miss something.
Sigmund appears from thin air!
Reactivating autopickup.
Sigmund casts a spell at you. The magic dart hits you!
You die...

# #............ #
##.......###### #
................# #
..........=.....# #
#................# #
#####..........########
. .................>..
# ########...@.........
#####@######## #.#
#............#
#............#
#............+ #
.............# #
#...#.#.....#.. #
#####.##.#..# # # #.
...##


You could see Sigmund.

Vanquished Creatures
  2 adders (D:2)
  3 endoplasms
  3 goblins
  4 hobgoblins
  A quokka (D:2)
  A frilled lizard (D:1)
  2 kobolds (D:2)
  2 rats (D:2)
18 creatures vanquished.

Notes
Turn   | Place    | Note
-------+----------+-------------------------------------------
     0 | D:1      | bande the Gargoyle Fighter began the quest for the Orb.
     0 | D:1      | Reached XP level 1. HP: 14/14 MP: 1/1
   250 | D:1      | Reached XP level 2. HP: 19/19 MP: 2/2
   508 | D:2      | Reached XP level 3. HP: 23/23 MP: 3/3
   951 | D:2      | Noticed Sigmund
   996 | D:2      | Killed from afar by Sigmund

Illustrated notes

Levels and vault maps discovered:
D:1:      minmay_arrival_four_circles, layout_basic
D:2:      minmay_spotlight, layout_basic, kennysheep_nub, moated_statue,
          uniq_sigmund, uniq_crazy_yiuf_cottage

Skill      XL: |  1  2 |
---------------+-------+-----
Axes           | 2 |  2.1
Fighting       | |  3.5
Armour         | |  3.8
Shields        | |  3.9

Action                   || total
-------------------------++-------
Melee: War axe           ||    74
  Use: Potion            ||     4
Armor: Scale mail        ||    50
Dodge: Dodged            ||    26
Block: Buckler           ||    12

Table legend: (Time is in decaauts)
 A = Elapsed time spent in this place.
 B = Non-inter-level travel time spent in this place.
 C = Inter-level travel time spent in this place.
 D = Time resting spent in this place.
 E = Time spent auto-exploring this place.
 F = Levels seen in this place.
 G = Mean time per level.
                   A        B        C        D        E       F      G
               +--------+--------+--------+--------+--------+-----+--------+
         Total |   1026 |   1026 |      0 |      0 |    774 |   2 |  513.0 |
       Dungeon |   1026 |   1026 |      0 |      0 |    774 |   2 |  513.0 |
               +--------+--------+--------+--------+--------+-----+--------+

Top non-repeatable levels by time:
     D:2: 608 daAuts
     D:1: 418 daAuts
